 Dungeon Crawl Stone Soup version 0.22-a0-254-gaf95ca0ccb (webtiles) character file.

15905 Peterchen the Executioner (level 12, -1/90 HPs)
             Began as a Minotaur Berserker on Mar 4, 2018.
             Was a High Priest of Trog.
             Slain by a vampire (5 damage)
             ... on level 11 of the Dungeon.
             The game lasted 00:42:52 (9862 turns).

Peterchen the Executioner (Minotaur Berserker)      Turns: 9862, Time: 00:42:53

Health: -1/90      AC: 12    Str: 26    XL:     12   Next: 5%
Magic:  11/11      EV:  7    Int:  4    God:    Trog [*****.]
Gold:   631        SH:  0    Dex: 11    Spells: 11/11 levels left

rFire    + . .     SeeInvis .   r - +5 battleaxe of Deformation {chop, rF+ rC+}
rCold    + + +     Gourm    +   (shield currently unavailable)
rNeg     . . .     Faith    .   h - +0 plate armour
rPois    .         Spirit   .   (helmet restricted)
rElec    .         Reflect  .   I - scarf {rC+ rF+}
rCorr    +         Harm     .   b - +0 pair of gloves
MR       .....                  (no boots)
Stlth    ..........             J - amulet of the gourmand
HPRegen  0.25/turn              C - ring of resist corrosion
MPRegen  0.12/turn              H - ring of ice

@: berserk cooldown, slowed, very slow
A: retaliatory headbutt, horns 2
a: Berserk, Trog's Hand, Brothers in Arms, Renounce Religion


You were on level 11 of the Dungeon.
You worshipped Trog.
Trog was extremely pleased with you.
You were hungry.

You visited 1 branch of the dungeon, and saw 12 of its levels.

You collected 801 gold pieces.
You spent 170 gold pieces at shops.

Inventory:

Hand Weapons
 r - the +5 battleaxe of Deformation (weapon) {chop, rF+ rC+}
   (You found it on level 9 of the Dungeon)

   It inflicts extra damage upon your enemies.
   It protects you from fire.
   It protects you from cold.
Missiles
 t - 4 javelins (quivered)
Armour
 b - a +0 pair of gloves (worn)
 h - a +0 plate armour (worn)
 I - a scarf of resistance (worn)
Jewellery
 a - an uncursed ring of magical power
 g - an uncursed ring of stealth
 i - a +3 amulet of reflection
 p - the amulet "Fyto" {Harm *Drain rC+ Dex+3, unknown}
   (You found it on level 11 of the Dungeon)

   [amulet of harm]

   It increases damage dealt and taken.
   It affects your dexterity (+3).
   It protects you from cold.
   It causes draining when unequipped.
 C - a ring of resist corrosion (left hand)
 H - a ring of ice (right hand)
 J - an amulet of the gourmand (around neck)
Wands
 l - a wand of paralysis (10)
 o - a wand of acid (11)
 v - a wand of polymorph (15)
 y - a wand of flame (26)
 B - a wand of enslavement (23)
 E - a wand of clouds (4)
 G - a wand of iceblast (9)
Scrolls
 f - 2 scrolls of blinking
 j - 5 scrolls of enchant weapon
 n - 2 scrolls of enchant armour
 q - a scroll of random uselessness
 w - a scroll of immolation
 x - a scroll of fear
 A - 3 scrolls of fog
 F - 2 scrolls of teleportation
 K - a scroll of remove curse
 L - a scroll of identify
Potions
 d - 2 potions of degeneration
 e - a potion of agility
 k - 2 potions of curing
 m - 2 potions of resistance
 s - 3 potions of lignification
 u - 2 potions of magic {unknown}
 z - a potion of haste
 D - a potion of brilliance {unknown}
 M - a potion of mutation {unknown}
Comestibles
 c - 26 rations


   Skills:
 - Level 3.6 Fighting
 * Level 21.1 Axes
 - Level 2.4 Armour
 - Level 2.1 Dodging


You had 11 spell levels left.
You didn't know any spells.

Dungeon Overview and Level Annotations

Branches:
Dungeon (12/15)            Temple (0/1) D:4            Lair (0/6) D:9
    Orc: D:9-12

Altars:
Fedhas
Gozag
Hepliaklqana
Makhleb
Okawaru
Qazlal
Ru
Uskayaw
Wu Jian
Xom
Yredelemnul
Zin
The Shining One

Shops:
D:6 *   D:9 ?   D:11 (

Portals:
Trove: D:11 (give 16 potions of curing)


Innate Abilities, Weirdness & Mutations

You reflexively headbutt those who attack you in melee.
You have a pair of horns on your head.


Message History

Something bites you but does no damage.
You slash something!
You carefully extract the barbed spikes from your body.
Something hits you.
* * * LOW HITPOINT WARNING * * *
Something bites you!
* * * LOW HITPOINT WARNING * * *
Something draws strength from your injuries!
You're too confused to move!
You feel less confused. Something hits you but does no damage.
Something bites you.
* * * LOW HITPOINT WARNING * * *
Something draws strength from your injuries!
You feel better. Something hits you.
* * * LOW HITPOINT WARNING * * *
Something bites you.
* * * LOW HITPOINT WARNING * * *
Something draws strength from your injuries!
Something hits you.
You die...

##.# #.# #.# #.##...# #<
##.####.######.########.##.###
#.
##......##..............##.#
#.
...#.#####.###.#...#######.#
## .###.# #.# #.#.#.# #.#
.....#####.###.#.#.#### #.#
..(.)............#....####.#
.#..)..###....#######......#
.#..(..###.##...@#....######
.......((..###.#{#.####
.#.....###.# #.#.#.#
#......###.###.#...#
##.............##.##
#.##.......######.###########
.########### #...........# .#
###########.### .# #.....#


There were no monsters in sight!

Vanquished Creatures
  A hydra (D:11)
  Erica (D:9)
  6 two-headed ogres
  Urug (D:10)
  An unseen horror (D:11)
  Pikel (D:7)
  A cyclops (D:11)
  A komodo dragon (D:10)
  A guardian mummy (D:11)
  2 hornets
  2 hippogriffs (D:11)
  A wraith (D:10)
  Grum (D:8)
  3 wyverns
  2 hungry ghosts
  A steam dragon (D:8)
  A water moccasin (D:9)
  2 soldier ants (D:11)
  2 hell hounds (D:9)
  4 orc warriors
  3 slaves (D:7)
  2 ice beasts
  2 black bears
  A necrophage (D:10)
  2 sky beasts
  3 wolves (D:8)
  5 ogres
  2 centaurs
  A big kobold (D:11)
  4 bullfrogs
  A gnoll sergeant (D:6)
  4 jellies
  5 scorpions
  A wyvern skeleton (D:8)
  9 killer bees
  2 howler monkeys
  8 wights
  A centaur zombie (D:8)
  A quasit (D:10)
  6 crimson imps
  5 hounds
  2 centaur skeletons
  6 orc priests
  15 orc wizards
  A bullfrog skeleton (D:8)
  Terence (D:2)
  3 iguanas
  11 worker ants
  A hound zombie (D:7)
  2 hound skeletons
  Robin (D:2)
  10 gnolls
  10 adders
  4 shadow imps
  An adder zombie (D:9)
  An adder skeleton (D:4)
  3 worms
  4 dart slugs
  5 leopard geckos
  37 orcs
  2 ball pythons
  10 bats
  4 giant cockroaches
  11 goblins
  8 hobgoblins
  11 jackals
  2 quokkas
  6 frilled lizards
  11 kobolds
  A leopard gecko skeleton (D:8)
  A quokka skeleton (D:4)
  A quokka zombie (D:6)
  12 rats
301 creatures vanquished.

Vanquished Creatures (collateral kills)
  Fannar (D:10)
  An ice beast (D:9)
  A gnoll sergeant (D:9)
  A gnoll (D:9)
4 creatures vanquished.

Vanquished Creatures (others)
  A howler monkey (D:7)
1 creature vanquished.

Grand Total: 306 creatures vanquished

Notes
Turn   | Place    | Note
-------+----------+-------------------------------------------
     0 | D:1      | Peterchen the Minotaur Berserker began the quest for the Orb.
     0 | D:1      | Reached XP level 1. HP: 19/19 MP: 0/0
    24 | D:1      | Reached skill level 4 in Axes
   236 | D:1      | Reached XP level 2. HP: 20/26 MP: 1/1
   616 | D:1      | Reached skill level 5 in Axes
   666 | D:1      | Reached ** piety under Trog
   666 | D:1      | Reached XP level 3. HP: 30/31 MP: 2/2
  1002 | D:2      | Noticed Robin
  1015 | D:2      | Killed Robin
  1017 | D:2      | Reached skill level 6 in Axes
  1017 | D:2      | Reached XP level 4. HP: 39/39 MP: 3/3
  1326 | D:2      | Noticed Terence
  1343 | D:2      | Killed Terence
  1500 | D:3      | Reached skill level 7 in Axes
  1500 | D:3      | Reached XP level 5. HP: 43/45 MP: 4/4
  1733 | D:3      | Reached skill level 8 in Axes
  1791 | D:3      | Reached *** piety under Trog
  1833 | D:3      | Found a shimmering altar of Xom.
  1833 | D:3      | Found a stormy altar of Qazlal.
  1837 | D:3      | Found a basalt altar of Yredelemnul.
  1837 | D:3      | Found a glowing golden altar of the Shining One.
  1900 | D:3      | Reached XP level 6. HP: 49/51 MP: 5/5
  1931 | D:3      | Found an opulent altar of Gozag.
  2133 | D:3      | Found a faded altar of an unknown god.
  2313 | D:4      | Found an ornate altar of the Wu Jian Council.
  2314 | D:4      | Found a hide-covered altar of Uskayaw.
  2375 | D:4      | Reached skill level 9 in Axes
  2386 | D:4      | Found a staircase to the Ecumenical Temple.
  2442 | D:4      | Found a glowing silver altar of Zin.
  2786 | D:5      | Entered Level 5 of the Dungeon
  2794 | D:5      | Reached XP level 7. HP: 56/57 MP: 6/6
  2811 | D:5      | Reached skill level 10 in Axes
  3180 | D:5      | Reached **** piety under Trog
  3381 | D:6      | Reached skill level 11 in Axes
  3601 | D:6      | Found Miontypeth's Merry Market.
  3616 | D:6      | Found an iron altar of Okawaru.
  3725 | D:6      | Reached XP level 8. HP: 64/64 MP: 7/7
  4035 | D:7      | Reached skill level 12 in Axes
  4100 | D:7      | Noticed Pikel
  4108 | D:7      | Killed Pikel
  4108 | D:7      | Reached skill level 13 in Axes
  4159 | D:7      | Found a sacrificial altar of Ru.
  4517 | D:7      | Reached XP level 9. HP: 70/70 MP: 8/8
  4681 | D:7      | Reached skill level 14 in Axes
  4908 | D:8      | Noticed Grum
  4915 | D:8      | Reached ***** piety under Trog
  4915 | D:8      | Reached skill level 15 in Axes
  4919 | D:8      | Killed Grum
  5394 | D:8      | Reached skill level 16 in Axes
  5889 | D:8      | Received a gift from Trog
  5890 | D:8      | Reached XP level 10. HP: 65/77 MP: 9/9
  6096 | D:8      | Found a hazy altar of Hepliaklqana.
  6287 | D:9      | Noticed a two-headed ogre
  6289 | D:9      | Found Joevvepy's Magic Scroll Boutique.
  6292 | D:9      | Killed a two-headed ogre
  6293 | D:9      | Reached skill level 17 in Axes
  6302 | D:9      | Bought a scroll of identify for 34 gold pieces
  6302 | D:9      | Bought 3 scrolls of identify for 102 gold pieces
  6302 | D:9      | Bought a scroll of identify for 34 gold pieces
  6343 | D:9      | Found a staircase to the Lair.
  6375 | D:9      | Noticed a two-headed ogre
  6384 | D:9      | Killed a two-headed ogre
  6389 | D:9      | Noticed Erica
  6401 | D:9      | Killed Erica
  6401 | D:9      | Reached skill level 18 in Axes
  6741 | D:9      | Got an ivory battleaxe
  6760 | D:9      | Identified the +5 battleaxe of Deformation {chop, rF+ rC+} (You found it on level 9 of the Dungeon)
  7080 | D:9      | Found a blossoming altar of Fedhas.
  7177 | D:10     | Entered Level 10 of the Dungeon
  7346 | D:10     | Reached XP level 11. HP: 70/82 MP: 10/10
  7421 | D:10     | Noticed Urug
  7434 | D:10     | Killed Urug
  7660 | D:10     | Reached skill level 19 in Axes
  7693 | D:10     | Noticed Fannar
  7702 | D:10     | Killed Fannar
  7812 | D:10     | Found a burning altar of Makhleb.
  8382 | D:11     | Noticed a two-headed ogre
  8397 | D:11     | Killed a two-headed ogre
  8464 | D:11     | Killed an unseen horror
  8614 | D:11     | Got a coiled graven amulet
  8630 | D:11     | Received a gift from Trog
  8662 | D:11     | Reached skill level 20 in Axes
  8704 | D:11     | Found a portal to a secret trove of treasure.
  8849 | D:11     | Noticed a seven-headed hydra
  8857 | D:11     | Killed a ten-headed hydra
  8914 | D:11     | Noticed a two-headed ogre
  8915 | D:11     | Noticed a two-headed ogre
  8921 | D:11     | Killed a two-headed ogre
  8926 | D:11     | Killed a two-headed ogre
  9193 | D:11     | Found Piablum's Antique Weapon Boutique.
  9352 | D:11     | Reached skill level 21 in Axes
  9798 | D:12     | Noticed a two-headed ogre
  9805 | D:12     | Killed a two-headed ogre
  9805 | D:12     | Reached XP level 12. HP: 90/90 MP: 11/11
  9862 | D:11     | HP: 4/90 [something (2)]
  9862 | D:11     | Slain by a vampire

Vault maps used:
D:1:      dpeg_arrival_ratfight
D:2:      grunt_decor_mini_mirrors, uniq_terence, uniq_robin
D:3:      nicolae_gozag_seed_capital, grunt_temple_overflow_open,
          chequers_ecumenical_altar_island
D:4:      zin_academy, gammafunk_temple_overflow_statue,
          minmay_temple_entry_large_hall, first_ration
D:6:      okawaru_gym_becter, nicolae_alphabet_shops, hex_medium
D:7:      nicolae_ru_great_annihilating_truth, uniq_pikel
D:8:      kennysheep_mini, uniq_grum
D:9:      kennysheep_mini_moat, minmay_lair_entry_lava, serial_shops,
          nicolae_shop_trees, hangedman_decor_riveting, uniq_erica
D:10:     bloody_makhleb, uniq_fannar, uniq_urug
D:11:     nicolae_trove_entry_path_of_doom, serial_shops, nicolae_shop_trees,
          hangedman_pestilent_swarm, billiards_dpeg
D:12:     erik_orc_1

Skill      XL: |  1  2  3  4  5  6  7  8  9 10 11 |
---------------+----------------------------------+-----
Axes           | 4 5 6 7 8 9 11 13 16 18 21 | 21.1
Fighting       | |  3.6
Armour         | |  2.4
Dodging        | |  2.1

Action                   |  1- 3 |  4- 6 |  7- 9 | 10-12 || total
-------------------------+-------+-------+-------+-------++-------
Melee: Hand axe          |    62 |    62 |       |       ||   124
       Headbutt          |    10 |    17 |    47 |    51 ||   125
       War axe           |       |    95 |   276 |     5 ||   376
       Battleaxe         |       |       |       |   275 ||   275
Invok: Berserk           |     2 |       |     5 |    13 ||    20
       Trog's Hand       |       |       |     1 |     3 ||     4
       Brothers in Arms  |       |       |       |     2 ||     2
  Use: Scroll            |       |     5 |     3 |    12 ||    20
       Potion            |       |       |       |     3 ||     3
 Stab: Invisible         |       |       |     1 |       ||     1
  Eat: Chunk             |     1 |     7 |    14 |    31 ||    53
       Ration            |       |       |       |     2 ||     2
Armor: Animal skin       |     9 |       |       |       ||     9
       Plate armour      |    27 |    91 |   134 |   126 ||   378
Dodge: Dodged            |    20 |    42 |    87 |    65 ||   214
Block: Other             |     5 |    25 |    32 |    14 ||    76
       Reflection        |       |     1 |     1 |     1 ||     3

Table legend:
 A = Spawn XP
 B = Non-spawn XP
 C = Spawn XP percentage of total XP
 D = Spawn monster count
 E = Non-spawn monster count
 F = Spawn count percentage of total count
 G = Total turns spent on level
                    A         B        C        D         E        F      G
               +---------+---------+-------+---------+---------+-------+---------
         Total |       0 |   22722 |   0.0 |       0 |     302 |   0.0 |  9862
               +---------+---------+-------+---------+---------+-------+---------
           D:1 |       0 |      42 |   0.0 |       0 |      24 |   0.0 |   977
           D:2 |       0 |     118 |   0.0 |       0 |      31 |   0.0 |   462
           D:3 |       0 |     281 |   0.0 |       0 |      33 |   0.0 |   763
           D:4 |       0 |     266 |   0.0 |       0 |      12 |   0.0 |   705
           D:5 |       0 |     315 |   0.0 |       0 |      12 |   0.0 |   401
           D:6 |       0 |     506 |   0.0 |       0 |      19 |   0.0 |   683
           D:7 |       0 |    1444 |   0.0 |       0 |      21 |   0.0 |   764
           D:8 |       0 |    2918 |   0.0 |       0 |      50 |   0.0 |  1486
           D:9 |       0 |    4005 |   0.0 |       0 |      32 |   0.0 |   936
          D:10 |       0 |    3562 |   0.0 |       0 |      24 |   0.0 |  1073
          D:11 |       0 |    8250 |   0.0 |       0 |      41 |   0.0 |  1589
          D:12 |       0 |    1015 |   0.0 |       0 |       3 |   0.0 |    23
               +---------+---------+-------+---------+---------+-------+---------
